 BcadrenCrawl: Boulder Brew version 0.04.2-11-g09a922ded6 (webtiles) character file.

Game seed: 5599480632382395620, levelgen mode: deterministic

372 diana the Slicer (level 7, -5/40 HPs) Kobold Gladiator. Began on May 6, 2021. Splashed by a jelly's acid (8 damage) ... on level 2 of the Dungeon. The game lasted 00:02:55 (1148 turns).

diana the Slicer (Kobold Gladiator)                 Turns: 1148, Time: 00:02:55

Health: -5/40      AC: -8    Str: 12    XL:     7 ^: 477
Magic:  8/8        EV: 16    Int:  9    God:
Gold:   32         SH:  0    Dex: 18    Spells: 6/6 levels left

rFire    . . .     Vision   .   a - +0 rapier
rCold    . . .     Gourm    .   g - +0 dagger (acid)
rNeg     . . .     Faith    .   b - +0 leather armour
rPois    .         Spirit   .   c - +0 helmet
rElec    .         Reflect  .   (no cloak)
rCorr    .         Harm     .   (no gloves)
MR       .....                  (no boots)
Stlth    +.........             (no amulet)
HPRegen  0.23/turn              (no ring)
MPRegen  0.18/turn              (no ring)

@: corroded
A: small, carnivore
a: no special abilities


You were on level 2 of the Dungeon.
You were not hungry.

You visited 1 branch of the dungeon, and saw 2 of its levels.

You collected 32 gold pieces.

Inventory:

Weapons
 a - a +0 rapier (weapon)
 g - a +0 dagger of caustic ooze (weapon)
Armour
 b - a +0 leather armour (worn)
 c - a +0 helmet (worn)
Jewellery
 h - an uncursed ring of wizardry
 i - an uncursed amulet of harm
Wands
 d - a wand of ensnaring (9)
Scrolls
 e - 3 scrolls of magic mapping
 j - a scroll of teleportation
Potions
 k - a potion of haste
Comestibles
 f - 3 rations


   Skills:
 - Level 2.1 Fighting
 + Level 8.8 Short Blades
 - Level 3.6 Dodging
 - Level 2.1 Evocations


You had 6 spell levels left.
You didn't know any spells.
Your spell library contained the following spells:

 Spells                   Type           Power        Failure   Level  Hunger
 Infusion                 Chrm           0 (25)       41%         1    ##.....
 Shroud of Golubria       Chrm/Tloc      0 (200)      56%         2    ###....
 Song of Slaying          Chrm           0 (100)      56%         2    ###....
 Regeneration             Chrm/Necr      0 (200)      80%         3    ####...
 Spectral Weapon          Chrm/Summ      0 (100)      80%         3    ####...


Dungeon Overview and Level Annotations

Branches:
Dungeon (2/8)

Altars:


Innate Abilities, Weirdness & Mutations

You are small and have problems with some larger weapons.
You are carnivorous and can eat meat at any time.


Message History

You hit the jelly (1).
Your hands burn (1).
The jelly is moderately wounded. (11/16) HP The jelly hits you (2).
The acid corrodes you!
You are splashed with acid (11)!
You hit the jelly (1).
Your hands burn (4).
You hit the jelly but do no damage.
Your hands burn (5).
The jelly is moderately wounded. (10/16) HP A kobold comes into view.
The jelly closely misses you (0).
The kobold shouts!
You hit the jelly (6). The acid corrodes you!
Your hands burn (5).
* * * LOW HITPOINT WARNING * * *
You hit the jelly but do no damage.
Your hands burn (4).
* * * LOW HITPOINT WARNING * * *
The jelly is severely wounded. (4/16) HP Something completely misses the giant blowfly (0).
A kobold comes into view.
The jelly hits you (2).
* * * LOW HITPOINT WARNING * * *
The acid corrodes you!
You are splashed with acid (8)!
You die...

...b .#..≈# ≈≈≈≈
≈..#..### ≈≈≈≈≈.#
...≈≈...## #≈≈≈≈≈≈#
.........######≈≈≈≈≈≈#
[.......≈≈##.≈...≈≈≈≈#
.<........#≈≈..≈≈≈≈≈≈#
#≈@......#.≈≈≈≈≈#
#.≈J#...†..#..≈≈≈≈#
#≈..l##...≈#.≈.≈≈≈≈#
#≈...§ #.≈≈###..≈≈≈≈#
#...§≈ #####≈#.≈≈≈≈≈#
ZK.≈.§§ ##≈..#.≈.b..#
K..)###
##....≈...≈≈≈### .<≈#
##≈......≈≈≈≈≈#.#
#≈.......≈≈≈≈...≈


You could see a jelly, a cinder newt, 2 kobolds and a rat skeleton.

Vanquished Creatures
  A big kobold (D:2)
  A jelly (D:2)
  An adder (D:2)
  21 sewer rats (D:2)
  5 cinder newts
  An ooze (D:2)
  A dart slug (D:1)
  3 leopard geckos
  A ball python (D:2)
  2 hobgoblins (D:1)
  A ball python skeleton (D:2)
  3 bats
  9 goblins (D:1)
  9 kobolds
  A kobold skeleton (D:2)
  3 rats (D:1)
  A withered plant (D:2)
64 creatures vanquished.

Vanquished Creatures (others)
  3 giant cockroaches (D:2)
  A worm (D:2)
  2 ball pythons (D:2)
  A bat (D:2)
  A bat skeleton (D:2)
  5 kobolds (D:2)
  A rat skeleton (D:2)
  2 giant blowflies (D:2)
  A slimehead (D:2)
  75 withered plants (D:2)
92 creatures vanquished.

Grand Total: 156 creatures vanquished

Notes
Turn   | Place    | Note
-------+----------+-------------------------------------------
     0 | D:1      | diana the Kobold Gladiator began the quest for the Orb.
     0 | D:1      | Reached XP level 1. HP: 12/12 MP: 2/2
    60 | D:1      | Reached skill level 4 in Short Blades
    62 | D:1      | Reached XP level 2. HP: 17/17 MP: 3/3
   311 | D:1      | Reached XP level 3. HP: 21/21 MP: 4/4
   450 | D:1      | Reached skill level 5 in Short Blades
   837 | D:2      | Reached XP level 4. HP: 26/26 MP: 5/5
   868 | D:2      | Reached skill level 6 in Short Blades
   881 | D:2      | Reached XP level 5. HP: 30/30 MP: 6/6
   904 | D:2      | Reached skill level 7 in Short Blades
   904 | D:2      | Reached XP level 6. HP: 25/35 MP: 7/7
   934 | D:2      | Reached skill level 8 in Short Blades
  1090 | D:2      | Reached XP level 7. HP: 25/40 MP: 8/8
  1148 | D:2      | Splashed by a jelly's acid

Levels and vault maps discovered:
D:1:      wheals_arrival_linesprint, layout_basic
D:2:      layout_sewer, nemelex_diamond_rough_becter

Skill      XL: |  1  2  3  4  5  6 |
---------------+-------------------+-----
Short Blades   | 4 5 6 7 8 |  8.8
Fighting       | |  2.1
Dodging        | |  3.6
Evocations     | |  2.1

Action                   |  1- 3 |  4- 6 |  7- 9 || total
-------------------------+-------+-------+-------++-------
Melee: Rapier            |    41 |    72 |     6 ||   119
       Unarmed           |     2 |       |       ||     2
       Dagger            |    11 |    55 |     4 ||    70
 Stab: Distracted        |     1 |     1 |       ||     2
       Sleeping          |     2 |       |       ||     2
  Eat: Chunk             |       |       |     1 ||     1
Armor: Leather armour    |     5 |    11 |       ||    16
Dodge: Dodged            |    29 |    94 |     3 ||   126
